 Dungeon Crawl Stone Soup version 0.24.0-125-gc4c63601f3 (webtiles) character file.

Game seed: 2225179560905574766, levelgen mode: deterministic

5411 Mesmaeker13 the Nimble (level 10, -2/50 HPs)
             Began as a Kobold Summoner on Feb 28, 2020.
             Was a Believer of Vehumet.
             Hit by a boomerang thrown by an orc warrior (15 damage)
             ... on level 11 of the Dungeon.
             The game lasted 00:36:45 (13522 turns).

Mesmaeker13 the Nimble (Kobold Summoner)           Turns: 13522, Time: 00:36:48

Health: -2/50      AC:  8    Str:  5    XL:     10   Next: 99%
Magic:  4/17       EV: 22    Int: 20    God:    Vehumet [**....]
Gold:   825        SH:  0    Dex: 16    Spells: 3/19 levels left

rFire    + + .     SeeInvis +   K - +4 scimitar (flame)
rCold    + . .     Gourm    .   (shield restricted)
rNeg     . . .     Faith    .   L - +2 robe {rC+ rF+}
rPois    .         Spirit   .   (no helmet)
rElec    .         Reflect  .   v - +0 cloak
rCorr    .         Harm     .   C - +2 pair of gloves
MR       .....                  (no boots)
Stlth    ++........             (no amulet)
HPRegen  0.16/turn              e - ring of protection from fire
MPRegen  0.15/turn              I - ring of see invisible

@: very slightly contaminated
A: small, carnivore
a: Renounce Religion


You were on level 11 of the Dungeon.
You worshipped Vehumet.
Vehumet was pleased with you.
You were very full.

You visited 2 branches of the dungeon, and saw 12 of its levels.

You collected 986 gold pieces.
You spent 161 gold pieces at shops.

Inventory:

Hand Weapons
 K - a +4 scimitar of flaming (weapon)
Missiles
 d - 2 throwing nets (quivered)
 H - 2 curare-tipped darts
Armour
 j - a +0 shield
 v - a +0 cloak (worn)
 C - a +2 pair of gloves (worn)
 L - a +2 robe of resistance (worn)
Jewellery
 e - a ring of protection from fire (left hand)
 o - an uncursed ring of positive energy
 I - a ring of see invisible (right hand)
Wands
 y - a wand of disintegration (5)
 B - a wand of iceblast (13)
 E - a wand of digging (12)
 F - a wand of enslavement (6)
 J - a wand of paralysis (8)
Scrolls
 f - 2 scrolls of fog
 h - 4 scrolls of teleportation
 i - 3 scrolls of remove curse
 l - a scroll of amnesia
 r - a scroll of enchant armour
 t - 3 scrolls of magic mapping {unknown}
 w - 3 scrolls of fear {unknown}
 x - a scroll of blinking {unknown}
 D - 2 scrolls of torment {unknown}
Potions
 b - 7 potions of lignification
 g - a potion of invisibility {unknown}
 k - a potion of brilliance
 m - 2 potions of heal wounds {unknown}
 n - 3 potions of might
 p - a potion of curing {unknown}
 q - 2 potions of haste {unknown}
 z - a potion of magic {unknown}
 A - a potion of resistance {unknown}
 G - a potion of agility {unknown}
Comestibles
 a - 7 chunks of flesh
 c - 31 rations


   Skills:
 - Level 9.4 Dodging
 - Level 2.6 Stealth
 - Level 5.1 Spellcasting
 + Level 5.0 Conjurations
 - Level 8.0 Summonings
 + Level 4.6 Fire Magic
 - Level 5.3 Ice Magic
 + Level 4.6 Earth Magic
 + Level 3.7 Evocations


You had 3 spell levels left.
You knew the following spells:

 Your Spells              Type           Power        Failure   Level  Hunger
a - Throw Frost           Conj/Ice       ####..       1%          2    None
b - Call Imp              Summ           #####...     1%          2    None
c - Call Canine Familiar  Summ           #####...     1%          3    ##.....
d - Summon Ice Beast      Ice/Summ       ####....     8%          4    ####...
e - Bolt of Magma         Conj/Fire/Erth ###.......   41%         5    #####..

Your spell library contained the following spells:

 Spells                   Type           Power        Failure   Level  Hunger
 Summon Butterflies       Summ           #####...     1%          1    None
 Summon Small Mammal      Summ           ####         1%          1    None
 Summon Guardian Golem    Hex/Summ       ###.....     7%          3    ##.....
 Apportation              Tloc           #.....       12%         1    None
 Confusing Touch          Hex            #.....       12%         1    None
 Confuse                  Hex            #.......     34%         3    ##.....
 Gell's Gravitas          Tloc           #.........   34%         3    ##.....
 Lesser Beckoning         Tloc           #.........   34%         3    ##.....
 Tukima's Dance           Hex            #.......     34%         3    ##.....
 Summon Lightning Spire   Summ/Air       ###.....     22%         4    ####...
 Petrify                  Tmut/Erth      ##......     41%         4    ####...
 Metabolic Englaciation   Hex/Ice        ###.......   71%         5    #####..
 Iskenderun's Battlesphe  Conj/Chrm      ###.....     75%         5    #####..
 Venom Bolt               Conj/Pois      ###.......   75%         5    #####..
 Iron Shot                Conj/Erth      ###.......   94%         6    #######
 Alistair's Intoxication  Tmut/Pois      #.......     97%         5    #####..
 Yara's Violent Unravell  Hex/Tmut       #.........   97%         5    #####..
 Invisibility             Hex            #.......     100%        6    #######
 Orb of Destruction       Conj           ####......   100%        7    #######
 Spellforged Servitor     Conj/Summ      ####......   100%        7    #######


Dungeon Overview and Level Annotations

Branches:
Dungeon (11/15)            Temple (1/1) D:7            Lair (0/6) D:11
    Orc (0/2) D:10

Altars:
Ashenzari
Cheibriados
Dithmenos
Elyvilon
Fedhas
Gozag
Hepliaklqana
Kikubaaqudgha
Makhleb
Nemelex Xobeh
Okawaru
Qazlal
Ru
Sif Muna
Trog
Uskayaw
Vehumet
Wu Jian
Xom
Yredelemnul
Zin
The Shining One

Shops:
D:6 ?

Annotations:
D:10 3 runed translucent doors, Ereth's ghost, journeyman DrAK; laxxamousse2's ghost, journeyman OpTm


Innate Abilities, Weirdness & Mutations

You are small and have problems with some larger weapons.
You are carnivorous and can eat meat at any time.


Message History

The hound closely misses your hound.
Your hound bites the hound.
The hound completely misses your hound.
Your hound barely misses the hound.
The hound completely misses your hound.
Your hound misses the hound. The hound barely misses your hound.
Your hound misses the hound. The hound bites your hound.
Your hound bites the hound.
The hound bites your hound.
Your hound dies!
Your hound's corpse disappears in a puff of smoke!
Evoke which item? (* to show all) (? for menu, Esc to quit)
Aiming: Disintegrate
Press: ? - help, Shift-Dir - straight line, f - hound
Aim: a hound (almost dead, chance to defeat MR: 85%)
The hound is blasted!
You blow up the hound!
Vehumet accepts your kill.
You feel your power returning.
The orc warrior shouts!
The orc warrior throws a boomerang.
The boomerang hits you!
You die...

#.##.##.# ...
#.#..##.# ....
#.#.###.# ....#
#.#.#.###.# .....#
#. #.......#
#h#...#..
###.##### #.# ....
#.# ##.##
#.######.#
#...###....@...#
###......#.##.####
###......#.#÷##.#
##..P.P.PPP.#.##.#
#....P.P.P....##.#
#.P.P...P.P)...o.#
...P.P..)o..÷P####
..P)P#'##PP.P÷#
.P...#.(#P.P..##


You could see an orc warrior.

Vanquished Creatures
  A hydra (D:8)
  A kobold demonologist (D:6)
  A hornet (D:9)
  Edmund (D:5)
  A porcupine (D:11)
  2 orc warriors
  A necrophage (D:11)
  A centaur (D:5)
  A big kobold (D:8)
  A bullfrog (D:11)
  A scorpion (D:6)
  4 crimson imps
  A hound (D:11)
  A jelly (D:5)
  3 orc priests
  6 orc wizards
  5 worker ants
  2 gnolls (D:5)
  4 adders
  A worm (D:2)
  2 leopard geckos
  17 orcs
  3 bats
  5 giant cockroaches
  4 goblins
  2 hobgoblins (D:3)
  7 jackals
  4 kobolds
  A quokka (D:7)
  4 frilled lizards
  A leopard gecko skeleton (D:7)
  12 rats
101 creatures vanquished.

Vanquished Creatures (collateral kills)
  Erica (D:9)
  2 two-headed ogres
  2 hippogriffs
  2 dream sheep (D:8)
  Sigmund (D:6)
  A wyvern (D:9)
  3 yaks
  A black bear (D:11)
  A porcupine (D:11)
  2 orc warriors (D:10)
  A phantom (D:5)
  4 ice beasts
  2 ogres
  A necrophage (D:9)
  3 big kobolds
  2 bullfrogs
  3 crimson imps
  4 bullfrog zombies
  A centaur zombie (D:7)
  A quasit (D:6)
  A bullfrog skeleton (D:10)
  A hound (D:5)
  Crazy Yiuf (D:6)
  A jelly (D:6)
  2 iguanas
  Jessica (D:2)
  6 orc wizards
  2 worker ants
  2 hound skeletons
  A worker ant zombie (D:6)
  7 gnolls
  A howler monkey skeleton (D:4)
  4 adders
  A shadow imp (D:9)
  An adder zombie (D:6)
  2 worms
  3 dart slugs
  2 leopard geckos
  27 orcs
  3 bats
  2 giant cockroaches (D:1)
  5 goblins
  2 hobgoblins (D:1)
  7 jackals
  4 frilled lizards
  6 kobolds
  2 leopard gecko skeletons
  A quokka skeleton (D:5)
  3 rats
139 creatures vanquished.

Vanquished Creatures (others)
  An orc wizard (D:10)
  A fungus (D:11)
  A plant (D:11)
  5 withered plants (D:10)
8 creatures vanquished.

Grand Total: 248 creatures vanquished

Notes
Turn   | Place    | Note
-------+----------+-------------------------------------------
     0 | D:1      | Mesmaeker13 the Kobold Summoner began the quest for the
                  | Orb.
     0 | D:1      | Reached XP level 1. HP: 10/10 MP: 3/3
   644 | D:1      | Reached XP level 2. HP: 15/15 MP: 3/5
  1157 | D:1      | You fall into a shaft and drop 1 floor!
  1174 | D:2      | Learned a level 2 spell: Call Imp
  1236 | D:2      | Reached skill level 3 in Dodging
  1236 | D:2      | Reached XP level 3. HP: 19/19 MP: 1/7
  1403 | D:2      | Noticed Jessica
  1425 | D:2      | Killed Jessica
  1894 | D:2      | Reached XP level 4. HP: 18/24 MP: 3/8
  3365 | D:2      | Learned a level 3 spell: Call Canine Familiar
  3575 | D:3      | Reached XP level 5. HP: 27/28 MP: 4/10
  3900 | D:3      | Reached skill level 4 in Dodging
  4148 | D:3      | Reached skill level 5 in Summonings
  4789 | D:4      | Reached XP level 6. HP: 32/32 MP: 7/11
  4942 | D:4      | Found a shadowy altar of Dithmenos.
  5279 | D:5      | Entered Level 5 of the Dungeon
  5599 | D:5      | Reached skill level 5 in Dodging
  5603 | D:5      | Reached XP level 7. HP: 34/36 MP: 8/13
  6621 | D:5      | Noticed Edmund
  6650 | D:5      | Killed Edmund
  6650 | D:5      | Reached skill level 5 in Spellcasting
  6661 | D:5      | Learned a level 4 spell: Summon Ice Beast
  6781 | D:5      | Reached skill level 6 in Dodging
  6791 | D:5      | Reached XP level 8. HP: 35/41 MP: 15/15
  6986 | D:6      | Found a snail-covered altar of Cheibriados.
  7090 | D:6      | Found a runed translucent door.
  7091 | D:6      | Noticed Crazy Yiuf
  7126 | D:6      | Killed Crazy Yiuf
  7126 | D:6      | Reached skill level 1 in Ice Magic
  7399 | D:6      | Found Zopp's Magic Scroll Shop.
  7403 | D:6      | Bought a scroll of identify for 28 gold pieces
  7404 | D:6      | Bought a scroll of identify for 28 gold pieces
  7580 | D:6      | Noticed Sigmund
  7604 | D:6      | Killed Sigmund
  7798 | D:6      | Noticed a kobold demonologist
  8465 | D:7      | Found a bloodstained altar of Trog.
  8541 | D:7      | Found a sparkling altar of Nemelex Xobeh.
  8710 | D:7      | Found a staircase to the Ecumenical Temple.
  8719 | Temple   | Entered the Ecumenical Temple
  8780 | Temple   | Became a worshipper of Vehumet
  9046 | D:6      | Reached skill level 7 in Dodging
  9047 | D:6      | Killed a kobold demonologist
  9047 | D:6      | Reached XP level 9. HP: 45/45 MP: 13/16
  9181 | D:6      | Reached skill level 8 in Dodging
  9190 | D:6      | Reached * piety under Vehumet
  9190 | D:6      | Offered knowledge of Freeze by Vehumet.
  9489 | D:8      | Learned a level 5 spell: Bolt of Magma
  9698 | D:8      | Reached skill level 1 in Conjurations
  9792 | D:8      | Noticed a three-headed hydra
  9830 | D:8      | Killed a three-headed hydra
  9830 | D:8      | Reached skill level 1 in Fire Magic
  9830 | D:8      | Reached skill level 5 in Ice Magic
  9830 | D:8      | Reached skill level 1 in Earth Magic
  9830 | D:8      | Reached XP level 10. HP: 50/50 MP: 12/17
  9953 | D:8      | Reached skill level 9 in Dodging
 11237 | D:9      | Found an iron altar of Okawaru.
 11238 | D:9      | Found an ancient bone altar of Kikubaaqudgha.
 11239 | D:9      | Found a sacrificial altar of Ru.
 11239 | D:9      | Found a white marble altar of Elyvilon.
 11278 | D:9      | Noticed Erica
 11354 | D:9      | Killed Erica
 11462 | D:9      | Noticed a two-headed ogre
 11475 | D:9      | Killed a two-headed ogre
 11475 | D:9      | Reached skill level 1 in Evocations
 11561 | D:9      | Found a burning altar of Makhleb.
 11603 | D:9      | Found a blossoming altar of Fedhas.
 11860 | D:9      | Found a glowing golden altar of the Shining One.
 11879 | D:10     | Entered Level 10 of the Dungeon
 12008 | D:6      | Bought a scroll of enchant armour for 105 gold pieces
 12299 | D:10     | Found a runed translucent gate.
 12299 | D:10     | Found a runed translucent gate.
 12299 | D:10     | Found a runed translucent gate.
 12303 | D:10     | Noticed Ereth's ghost (journeyman DrAK)
 12303 | D:10     | Noticed laxxamousse2's ghost (journeyman OpTm)
 12319 | D:10     | Offered knowledge of Throw Frost by Vehumet.
 12323 | D:10     | Learned a level 2 spell: Throw Frost
 12620 | D:10     | Noticed a gargoyle
 12650 | D:10     | Reached ** piety under Vehumet
 12902 | D:10     | Found a staircase to the Orcish Mines.
 12914 | D:10     | Noticed a two-headed ogre
 13202 | D:10     | Killed a two-headed ogre
 13429 | D:11     | Reached skill level 5 in Conjurations
 13484 | D:11     | Found a staircase to the Lair.
 13522 | D:11     | Hit by a boomerang thrown by an orc warrior

Levels and vault maps discovered:
D:1:      lightli_arrival_chessboard, layout_loops_ring, chequers_arboretum,
          minivault_25, chequers_serial_rivers_micro_d, moated_statue,
          minmay_misc_feat_encased, minmay_pentomino_x4
D:2:      layout_loops_corners, uniq_jessica
D:3:      layout_basic, first_ration, minivault_14
D:4:      layout_basic, grunt_dithmenos_smoke, chequers_serial_rivers_micro_a
D:5:      layout_basic, uniq_edmund
D:6:      minmay_klotski, layout_loops_ring, cheibriados_altar_1, serial_shops,
          nicolae_shop_crystal, uniq_sigmund, uniq_crazy_yiuf_cottage
D:7:      layout_loops_ring, minmay_temple_entry_nine_rooms, basic_altar,
          bloody_trog
D:8:      layout_loops_ring, hangedman_ranch [blue_anna_fruit_fields]
D:9:      layout_basic, tso_oasis_becter, makhleb_grotto_becter,
          chequers_temple_overflow_statue_of_worship, old_standard_altar,
          kennysheep_decorative_pillar, grunt_ministairs_2, uniq_erica
D:10:     layout_roguey, orc_0_dummy, gammafunk_ghost_cemetery,
          lightli_orcish_oven
D:11:     layout_loops_cross, grunt_lair_entry_orc_guard_hut,
          portal_ice_cave_entry_ice_beasts, hex_medium, grunt_decor_fettered,
          chequers_jeans, uniq_nergalle
Temple:   dshaligram_water_room_temple

Skill      XL: |  1  2  3  4  5  6  7  8  9 10 |
---------------+-------------------------------+-----
Dodging        | 3 4 5 6 7 8 9 |  9.4
Spellcasting   | 3 4 5 |  5.1
Summonings     | 5 6 7 8 |  8.0
Ice Magic      | 3 5 |  5.3
Conjurations   | 2 5 |  5.0
Fire Magic     | 1 4 |  4.6
Earth Magic    | 1 4 |  4.6
Evocations     | 3 |  3.7
Stealth        | |  2.6

Action                   |  1- 3 |  4- 6 |  7- 9 | 10-12 || total
-------------------------+-------+-------+-------+-------++-------
Melee: Unarmed           |    39 |       |       |       ||    39
       Dagger            |    26 |       |       |       ||    26
       Spear             |    30 |   196 |   163 |    25 ||   414
       Scimitar          |       |       |       |    44 ||    44
Throw: Throwing net      |       |       |     1 |       ||     1
 Cast: Summon Small Mamm |    18 |     2 |       |       ||    20
       Call Imp          |     8 |    16 |    34 |    12 ||    70
       Call Canine Famil |       |    15 |    36 |    21 ||    72
       Summon Ice Beast  |       |       |     1 |    23 ||    24
       Bolt of Magma     |       |       |       |     1 ||     1
Evoke: Wand              |       |       |    20 |    11 ||    31
  Use: Scroll            |     1 |     2 |     5 |    10 ||    18
       Potion            |       |       |       |     1 ||     1
 Stab: Sleeping          |     5 |     8 |     4 |     1 ||    18
       Distracted        |       |     1 |     5 |     1 ||     7
       Held in net/web   |       |       |     1 |       ||     1
  Eat: Chunk             |    12 |    13 |    16 |    16 ||    57
Armor: Robe              |    24 |    10 |    12 |     6 ||    52
Dodge: Dodged            |    93 |   100 |    92 |    94 ||   379
       Rpst.: Scimitar   |       |       |       |    20 ||    20
